Map: Whitewater Line LE

Players

Throwfordays - Winner!

  • Race: Protoss Protoss
  • League: Silver
  • Spawn Location: 7:00

Cthulhu - Winner!

  • Race: Terran Terran
  • Spawn Location: 7:00

Faust - Winner!

  • Race: Zerg Zerg
  • League: Diamond
  • Spawn Location: 6:00

Orgasmic

  • Race: Protoss Protoss
  • Spawn Location: 12:00

Loragon

  • Race: Zerg Zerg
  • Spawn Location: 1:00

zeritule

  • Race: Terran Terran
  • Spawn Location: 1:00

VOD

Have the link to the VOD?

Description

Time

  • Played on: Feb. 6, 2019, 6:30 p.m.
  • Length: 14:40
Show
View Real Time Build Order
Export as new Build Order

Throwfordays Protoss - Winner!

Build Orders: Carriers 

Get SALT Encoding   

  12  0:01  Probe  
  13  0:13  Probe  
  14  0:18  Pylon  
  14  0:25  Probe  
  15  0:37  Probe  
  15  0:39  Gateway  
  16  0:46  Assimilator  
  16  0:50  Probe  
  17  1:02  Probe  
  18  1:10  Forge  
  18  1:14  Probe  
  19  1:26  Probe  
  19  1:30  Pylon  
  20  1:45  Assimilator  
  20  1:46  Probe  
  21  1:47  Cybernetics Core  
  21  1:58  Probe  
  22  2:06  Photon Cannon  
  22  2:10  Probe  
  22  2:11  Photon Cannon  
  22  2:14  Warp Gate  
  23  2:19  Photon Cannon  
  23  2:32  Photon Cannon  
  23  2:41  Photon Cannon  
  23  2:52  Photon Cannon  
  23  2:53  Protoss Shields Level 1  
  23  3:34  Nexus  
  23  3:41  Pylon  
  23  3:54  Protoss Air Weapons Level 1  
  23  4:05  Shield Battery  
  23  4:07  Shield Battery  
  23  4:08  Shield Battery  
  23  4:12  Shield Battery  
  23  4:17  Pylon  
  23  4:21  Pylon  
  23  4:30  Stalker  
  25  4:43  Gateway  
  25  4:50  Gateway  
  25  4:53  Probe  
  26  5:00  Probe  
  26  5:04  Probe  
  28  5:12  Probe x2  
  29  5:20  Probe  
  30  5:24  Probe  
  30  5:25  Photon Cannon  
  32  5:32  Photon Cannon  
  32  5:35  Probe  
  33  5:47  Probe  
  33  5:49  Probe  
  35  5:59  Probe  
  35  6:01  Probe  
  35  6:02  Assimilator  
  37  6:08  Assimilator  
  37  6:09  Probe x2  
  37  6:17  Protoss Air Armor Level 1, Probe x2  
  39  6:24  Stalker  
  43  6:25  Probe  
  43  6:28  Stalker, Probe  
  47  6:33  Stalker  
  47  6:37  Probe  
  50  6:40  Probe  
  51  6:49  Probe  
  52  7:20  Nexus  
  52  7:22  Pylon  
  52  7:24  Pylon  
  52  7:27  Assimilator  
  52  7:30  Assimilator  
  52  7:39  Nexus  
  52  7:40  Stalker  
  52  7:41  Pylon, Stalker x2  
  58  7:54  Probe  
  58  7:58  Probe  
  60  8:02  Pylon  
  60  8:04  Pylon  
  60  8:06  Probe  
  60  8:10  Probe  
  62  8:18  Probe  
  63  8:22  Probe  
  63  8:24  Stalker x2  
  63  8:25  Stalker  
  70  8:30  Probe  
  72  8:34  Probe  
  72  8:42  Probe  
  72  8:46  Probe  
  74  8:50  Probe  
  74  8:53  Probe  
  76  8:58  Probe  
  77  9:05  Probe  
  77  9:06  Probe  
  77  9:07  Stargate  
  78  9:10  Stargate  
  78  9:13  Stargate  
  78  9:14  Stargate  
  78  9:15  Stargate  
  79  9:17  Probe  
  79  9:18  Probe  
  81  9:29  Stalker x3, Probe  
  81  9:30  Probe  
  89  9:42  Probe  
  90  9:54  Probe  
  90  9:55  Probe  
  92  10:01  Assimilator  
  92  10:02  Fleet Beacon  
  92  10:05  Assimilator  
  92  10:06  Probe  
  94  10:07  Probe  
  94  10:14  Twilight Council  
  94  10:18  Probe  
  94  10:19  Probe  
  96  10:27  Protoss Air Weapons Level 2  
  96  10:30  Probe  
  96  10:31  Probe  
  98  10:41  Carrier  
  98  10:42  Carrier  
  98  10:43  Probe, Carrier x3  
  99  10:56  Mothership  
  137  10:59  Pylon  
  137  11:01  Pylon  
  137  11:04  Pylon  
  137  11:06  Pylon  
  137  11:08  Pylon  
  137  11:22  Pylon  
  137  11:25  Probe  
  138  11:27  Probe  
  138  11:30  Probe  
  140  11:39  Probe  
  141  11:40  Anion Pulse-Crystals  
  141  11:42  Probe  
  141  11:45  Carrier  
  154  11:47  Carrier x4  
  154  11:51  Probe  
  173  11:54  Probe  
  174  12:34  Blink  
  174  12:49  Carrier  
  186  12:51  Carrier  
  186  12:57  Pylon  
  186  12:59  Pylon  
  186  13:00  Carrier  
  186  13:02  Carrier  
  186  13:03  Carrier  
Show
View Real Time Build Order
Export as new Build Order

Cthulhu Terran - Winner!

Build Orders: 2 Factory 

Get SALT Encoding   

  12  0:01  SCV  
  13  0:14  SCV  
  14  0:19  Supply Depot  
  14  0:26  SCV  
  15  0:33  Refinery  
  15  0:41  SCV  
  16  0:52  Barracks  
  16  0:55  SCV  
  17  1:07  Supply Depot  
  17  1:13  SCV  
  18  1:18  Refinery  
  18  1:29  SCV  
  19  1:42  Factory  
  19  1:43  Marine  
  19  1:46  Supply Depot  
  20  1:53  Orbital Command  
  20  2:02  Marine  
  21  2:37  Command Center  
  21  2:40  SCV  
  22  2:45  Widow Mine  
  24  2:53  SCV  
  25  3:00  Factory  
  25  3:09  Factory Tech Lab  
  25  3:17  SCV  
  25  3:18  Marine  
  27  3:34  SCV  
  28  3:45  Supply Depot  
  28  3:46  Armory  
  28  3:48  SCV  
  28  3:50  Factory Reactor  
  28  3:51  Widow Mine  
  31  4:05  Engineering Bay  
  31  4:06  SCV  
  31  4:07  Marine, Orbital Command  
  33  4:15  Widow Mine  
  35  4:18  SCV  
  36  4:28  Widow Mine x2  
  40  4:40  Widow Mine  
  42  4:48  Marine, SCV x2  
  45  5:01  Siege Tank  
  48  5:10  Sensor Tower, Missile Turret  
  48  5:17  SCV x2  
  50  5:28  Sensor Tower  
  50  5:32  Missile Turret  
  50  5:39  Marine, SCV x2  
  50  5:41  Siege Tank  
  50  5:42  Widow Mine x2  
  60  5:48  Supply Depot  
  60  5:51  Terran Vehicle Weapons Level 1  
  60  6:04  SCV x2  
  60  6:10  Supply Depot, Widow Mine x2  
  60  6:11  Supply Depot  
  66  6:16  SCV  
  67  6:22  Infernal Pre-Igniter  
  69  6:26  Hellion  
  69  6:32  Hellion  
  70  7:18  SCV x2  
  70  7:20  Marine  
  70  7:22  Siege Tank  
  76  7:23  Hellion x2  
  80  7:30  SCV  
  81  7:41  Drilling Claws  
  81  7:45  Hellion x2  
  85  8:33  Hellion  
  85  8:50  SCV  
  86  8:58  Supply Depot  
  86  8:59  SCV  
  86  9:00  Terran Vehicle Weapons Level 2, Hellion x3  
  93  9:03  Supply Depot  
  93  9:05  Refinery  
  93  9:06  Refinery  
  93  9:08  Marine  
  94  9:19  SCV  
  94  9:21  Hellion x3  
  101  9:26  Marine  
  98  9:42  Hellion  
  86  10:08  Hellion  
  86  10:09  Hellion x2  
  92  10:15  Factory x2  
  92  10:25  SCV x2  
  94  10:40  Command Center  
  94  10:42  Supply Depot x2  
  94  11:10  Supply Depot  
  94  11:11  Supply Depot  
  94  11:16  Sensor Tower, Factory Tech Lab  
  94  11:20  Factory Reactor  
  94  11:22  Terran Vehicle Weapons Level 3  
  88  11:43  Siege Tank  
  88  11:44  Widow Mine, Siege Tank  
  88  11:45  Widow Mine  
  98  11:55  Orbital Command  
  98  11:58  Refinery  
  98  12:06  Widow Mine  
  85  12:52  Refinery  
  85  12:55  Command Center  
  85  12:57  Refinery  
  65  13:56  Hellion x2  
  65  13:57  Hellion x2  
  65  13:58  Siege Tank x2  
  79  14:10  Sensor Tower  
  79  14:20  Sensor Tower  
  79  14:24  Barracks Tech Lab  
Show
View Real Time Build Order
Export as new Build Order

Faust Zerg - Winner!

Build Orders: Hatch First, Brood Lord Corruptor, Lurkers 

Get SALT Encoding   

  12  0:01  Drone  
  13  0:08  Drone  
  14  0:14  Extractor  
  14  0:16  Drone  
  15  0:23  Overlord  
  15  0:42  Drone x2  
  17  0:55  Hatchery  
  16  0:59  Drone  
  17  1:13  Spawning Pool  
  17  1:16  Drone  
  17  1:19  Extractor  
  17  1:22  Drone  
  17  1:25  Drone  
  18  1:34  Drone  
  19  1:54  Overlord  
  19  1:59  Queen  
  21  2:02  Zergling x2  
  21  2:07  Queen  
  21  2:08  Zergling x4  
  26  2:21  Metabolic Boost  
  26  2:24  Drone x2  
  26  2:25  Drone  
  29  2:36  Overlord  
  29  2:41  Drone  
  29  2:42  Drone  
  31  2:56  Drone x3  
  34  3:03  Lair  
  34  3:05  Extractor  
  34  3:06  Drone x2  
  34  3:08  Drone  
  36  3:18  Drone x4  
  40  3:28  Drone x3  
  40  3:30  Drone  
  41  3:56  Drone  
  41  3:57  Drone x2  
  41  3:59  Baneling Nest  
  41  4:01  Zergling x2  
  44  4:03  Overlord x3  
  44  4:19  Burrow  
  44  4:23  Drone, Hydralisk Den  
  44  4:29  Extractor, Drone x3  
  44  4:30  Zergling x2, Drone x3  
  44  4:31  Extractor, Zergling x6  
  52  4:34  Overlord  
  52  4:56  Hatchery  
  50  5:08  Hydralisk x4  
  50  5:09  Hydralisk x3  
  64  5:17  Lurker Den  
  63  5:30  Drone x5  
  68  5:37  Drone, Spire  
  68  5:38  Drone  
  69  5:44  Drone x2  
  71  5:59  Nydus Network  
  71  6:00  Drone  
  71  6:04  Infestation Pit  
  71  6:05  Drone x2  
  72  6:15  Evolution Chamber  
  72  6:17  Evolution Chamber  
  70  6:19  Drone x8  
  70  6:20  Drone  
  70  6:21  Extractor  
  70  6:22  Extractor  
  70  6:23  Drone x2  
  70  6:24  Queen, Drone  
  82  6:27  Overlord  
  82  6:29  Hydralisk  
  76  6:50  Lurker x5  
  80  6:56  Lurker  
  80  7:01  Lurker  
  82  7:10  Drone x3  
  85  7:43  Drone  
  85  7:44  Drone x2  
  87  7:45  Drone x2  
  87  7:50  Hive  
  90  7:52  Zerg Melee Weapons Level 1, Zerg Ground Armor Level 1  
  90  8:05  Baneling x8  
  74  8:36  Corruptor x3  
  74  8:37  Corruptor x4  
  88  9:02  Overlord  
  88  9:03  Overlord x3  
  88  9:06  Greater Spire  
  88  9:36  Pneumatized Carapace  
  88  9:37  Overseer  
  88  9:59  Nydus Canal  
  88  10:11  Drone  
  88  10:12  Drone x9  
  94  10:41  Hatchery  
  78  10:57  Brood Lord  
  78  10:58  Corruptor x2, Brood Lord x6  
  96  11:09  Overlord  
  96  11:10  Overlord x4  
  96  11:25  Zerg Melee Weapons Level 2, Zerg Ground Armor Level 2  
  91  11:56  Corruptor x3  
  87  12:29  Brood Lord  
  91  12:30  Brood Lord  
  91  12:40  Overlord  
  91  12:41  Overlord x6  
  91  12:42  Overlord  
  91  12:50  Spire  
  90  13:11  Corruptor  
  90  13:12  Corruptor  
  94  13:29  Spore Crawler  
  94  13:30  Spore Crawler  
  94  13:31  Spore Crawler  
  94  13:32  Spore Crawler  
  90  13:35  Spore Crawler  
  90  13:36  Spore Crawler  
  90  13:37  Spore Crawler  
  90  13:38  Drone  
  88  14:00  Corruptor  
  88  14:01  Corruptor x5  
  100  14:21  Zergling x18  
  100  14:22  Zergling x18  
Show
View Real Time Build Order
Export as new Build Order

Orgasmic Protoss 

Build Orders:  

Get SALT Encoding   

  12  0:01  Probe  
  13  0:13  Probe  
  14  0:18  Pylon  
  14  0:25  Probe  
  15  0:39  Probe  
  15  0:40  Gateway  
  15  0:47  Probe  
  16  0:54  Pylon  
  17  0:57  Probe  
  18  1:05  Probe  
  19  1:13  Assimilator, Probe  
  19  1:16  Assimilator  
  20  1:23  Probe  
  20  1:27  Cybernetics Core  
  21  1:35  Probe  
  22  1:40  Gateway  
  22  1:45  Warp Gate  
  22  1:47  Probe  
  23  1:59  Probe  
  23  2:01  Pylon  
  24  2:09  Stalker  
  24  2:11  Probe  
  27  2:20  Gateway  
  27  2:24  Probe  
  27  2:27  Stalker  
  30  2:40  Forge  
  30  2:46  Pylon  
  30  2:50  Stalker  
  32  3:04  Sentry, Robotics Facility  
  34  3:09  Stalker  
  36  3:19  Photon Cannon  
  36  3:31  Photon Cannon  
  36  3:36  Stalker  
  36  3:38  Probe  
  39  4:00  Immortal  
  43  4:10  Pylon  
  43  4:13  Photon Cannon  
  43  4:19  Photon Cannon  
  43  4:31  Protoss Ground Weapons Level 1  
  43  4:41  Nexus  
  43  4:45  Probe  
  44  4:53  Probe  
  45  5:02  Sentry  
  45  5:03  Probe  
  48  5:07  Stalker  
  50  5:19  Robotics Bay  
  50  5:28  Stalker  
  52  5:29  Stalker  
  54  5:49  Immortal  
  58  5:57  Pylon  
  58  6:01  Pylon  
  58  6:20  Pylon  
  54  7:02  Extended Thermal Lance  
  54  7:05  Probe x2  
  60  7:08  Immortal  
  60  7:16  Robotics Facility  
  60  7:17  Probe x2  
  62  7:22  Gateway  
  62  7:25  Robotics Facility  
  62  7:29  Probe  
  63  7:40  Protoss Ground Armor Level 1, Photon Cannon  
  63  7:42  Photon Cannon  
  63  7:43  Pylon  
  63  7:47  Assimilator  
  63  7:48  Observer, Stalker x3  
  69  9:18  Colossus x2  
  81  9:30  Assimilator  
  72  9:46  Stalker x2  
  72  9:47  Stalker x2  
  72  9:49  Observer  
  72  9:51  Probe  
  81  9:54  Probe  
  81  9:59  Photon Cannon, Probe  
  83  10:06  Probe  
  85  10:08  Probe  
  85  10:09  Pylon  
  85  10:11  Pylon  
  85  10:13  Pylon  
  86  10:14  Pylon  
  86  10:18  Probe  
  86  10:20  Probe  
  88  10:30  Probe  
  88  10:31  Probe  
  90  10:35  Twilight Council  
  90  10:38  Probe  
  90  10:39  Probe  
  91  10:46  Probe  
  91  10:47  Stalker, Probe  
  94  10:50  Sentry  
  94  10:57  Probe  
  99  11:16  Colossus, Immortal  
  109  11:30  Protoss Ground Weapons Level 2  
  109  11:39  Observer  
  109  11:48  Sentry  
  109  11:49  Zealot, Stalker  
  109  11:50  Stalker  
  117  11:56  Blink  
  117  12:31  Gravitic Boosters  
  117  12:56  Stargate  
  117  12:59  Stargate  
  117  13:01  Stargate  
  117  13:02  Stargate  
  77  13:38  Void Ray x4  
  93  13:59  Nexus  
Show
View Real Time Build Order
Export as new Build Order

Loragon Zerg 

Build Orders: Pool First 

Get SALT Encoding   

  12  0:06  Drone  
  13  0:14  Overlord  
  13  0:19  Drone  
  14  0:26  Overlord  
  14  0:44  Spawning Pool  
  13  0:56  Drone x3  
  16  1:14  Extractor  
  16  1:15  Drone  
  16  1:19  Extractor  
  16  1:22  Drone  
  16  1:38  Drone  
  17  1:47  Drone  
  18  1:55  Drone  
  19  2:04  Overlord  
  19  2:12  Lair  
  19  2:41  Overlord  
  19  2:42  Overlord  
  19  2:43  Drone  
  20  2:55  Evolution Chamber  
  19  3:15  Hydralisk Den  
  19  3:16  Drone x3  
  21  3:23  Zerg Missile Weapons Level 1  
  21  3:40  Roach Warren  
  20  3:48  Muscular Augments  
  20  3:50  Hydralisk x2  
  20  3:51  Hydralisk  
  26  4:03  Hydralisk  
  28  4:29  Spore Crawler  
  27  4:35  Spore Crawler  
  26  4:44  Spore Crawler  
  25  4:53  Spore Crawler  
  25  4:57  Drone x3  
  27  5:02  Grooved Spines  
  27  5:17  Zerg Ground Armor Level 1, Infestation Pit  
  26  5:27  Hydralisk x2  
  30  5:59  Hydralisk x3  
  30  6:02  Hatchery  
  31  7:12  Spire  
  31  7:14  Drone  
  31  7:21  Drone  
  31  7:22  Drone x2  
  34  8:29  Drone x3  
  37  8:46  Zerg Flyer Weapons Level 1  
  37  8:53  Mutalisk x3  
  43  9:10  Extractor  
  43  9:12  Drone x2  
  43  9:13  Extractor, Drone  
  44  9:26  Mutalisk x2  
  37  10:28  Drone x3  
  37  10:44  Drone x2  
  37  10:45  Drone  
  40  11:08  Drone x3  
  43  11:16  Drone x2  
  45  11:20  Drone  
  46  11:27  Zerg Flyer Armor Level 1  
  46  11:32  Drone  
  47  11:34  Drone  
  48  12:03  Hive  
  44  12:53  Mutalisk  
  44  12:54  Mutalisk x2  
  50  13:03  Mutalisk x2  
  50  13:04  Mutalisk  
  56  13:47  Corruptor  
  56  13:48  Corruptor  
  58  13:53  Overlord  
Show
View Real Time Build Order
Export as new Build Order

zeritule Terran 

Build Orders:  

Get SALT Encoding   

  12  0:01  SCV  
  13  0:18  SCV  
  13  0:19  Supply Depot  
  14  0:30  SCV  
  15  0:44  Barracks  
  15  0:46  SCV  
  16  0:55  Barracks  
  16  1:00  SCV  
  17  1:12  Barracks  
  17  1:14  SCV  
  18  1:27  Barracks  
  18  1:29  SCV  
  19  1:34  Marine  
  20  1:44  SCV  
  21  1:50  Refinery  
  21  1:51  Marine  
  21  1:53  Marine  
  23  1:59  Supply Depot  
  23  2:21  SCV  
  23  2:22  Supply Depot  
  24  2:23  Marine  
  24  2:24  Marine x3  
  28  2:33  Refinery  
  28  2:41  Marine  
  29  2:50  Supply Depot  
  29  2:51  Marine  
  29  2:52  Marine x2  
  29  2:58  SCV  
  33  2:59  Marine  
  34  3:09  Marine x3  
  37  3:17  Marine, Engineering Bay  
  38  3:27  SCV  
  38  3:30  Marine x3  
  42  3:41  Marine  
  42  3:47  Terran Infantry Weapons Level 1  
  42  3:48  Marine x2  
  45  4:01  Missile Turret  
  45  4:06  Marine x2  
  47  4:13  Barracks Tech Lab  
  47  4:25  Missile Turret  
  47  4:31  Combat Shield  
  47  4:40  Orbital Command  
  47  4:51  Supply Depot  
  47  5:13  Marine x3  
  47  5:14  Marine  
  50  5:17  Supply Depot  
  51  5:30  Marine  
  51  5:33  Marine  
  51  5:34  Marine x2  
  55  5:40  Supply Depot  
  55  5:41  Terran Infantry Armor Level 1  
  55  5:48  Marine  
  56  5:51  Marine x3  
  59  6:06  Marine  
  59  6:09  Marine x2  
  62  6:11  Stimpack  
  62  6:23  Factory  
  62  6:28  Barracks Reactor x2  
  50  7:04  Marine x2  
  50  7:06  Marine x4  
  56  7:13  Starport  
  56  7:14  Supply Depot  
  56  7:37  Supply Depot, Factory Tech Lab  
  54  7:48  Marine x3  
  54  7:49  Marine x3  
  60  8:06  Marine x3, Starport Reactor  
  60  8:08  Supply Depot  
  63  8:31  Supply Depot  
  63  8:53  Medivac x2  
  67  8:59  Marine  
  67  9:00  Marine x4  
  72  9:17  Marine  
  72  9:22  Supply Depot, Armory  
  72  9:23  Medivac x2  
  77  9:53  Medivac x2  
  72  10:23  Medivac  
  74  11:13  Marine  
  74  11:14  Marine x5  
  80  11:31  Marine  
  80  11:32  Marine x5  
  86  11:49  Marine  
  63  12:27  Viking x2  
  41  12:57  Viking x2  
  45  13:12  Orbital Command  
  45  13:18  Missile Turret  
Tags
 
Add a new tag
Caveats
  • Supply blocks, unpowered buildings, or Contaminate may cause inaccurate times.
  • Supply counts are checked every 10 seconds.